 Dungeon Crawl Stone Soup version 0.30-a0-824-g6c64550be9 (webtiles) character file.

Game seed: 9769327639964742991

91 sircluck the Covert (level 4, -3/41 HPs)
             Began as a Gnoll Delver on Feb 27, 2023.
             Slain by a gnoll
             ... wielding a +0 whip
             ... led by a gnoll bouda
              (5 damage)
             ... on level 5 of the Dungeon.
             The game lasted 00:01:41 (330 turns).

sircluck the Covert (Gnoll Delver)                   Turns: 330, Time: 00:01:42

Health: -3/41      AC:  3    Str: 13    XL:     4   Next: 59%
Magic:  5/5        EV: 13    Int: 10    God:
Gold:   31         SH:  0    Dex: 13    Spells: 5/5 levels left

rFire   . . .      SeeInvis .    h - +4 quarterstaff
rCold   . . .      Faith    .    (shield currently unavailable)
rNeg    . . .      Spirit   .    b - +0 leather armour
rPois   .          Reflect  .    (no helmet)
rElec   .          Harm     .    (no cloak)
rCorr   .          Rampage  .    (no gloves)
Will    .....                    (no boots)
Stlth   ++++                     (no amulet)
HPRegen 0.26/turn                (no ring)
MPRegen 0.09/turn                (no ring)

@: no status effects
A: fangs 1, strong nose, distributed training
a: no special abilities


You were on level 5 of the Dungeon.
You visited 1 branch of the dungeon, and saw 2 of its levels.

You collected 31 gold pieces.

Inventory:

Hand Weapons
 a - a +0 spear
 h - a +4 quarterstaff (weapon)
 j - a +0 war axe
Missiles
 i - 5 stones (quivered)
Armour
 b - a +0 leather armour (worn)
Wands
 g - a wand of digging (3)
Scrolls
 c - a scroll of fog
 d - a scroll of magic mapping
Potions
 f - a potion of haste


   Skills:
 + Level 6.6 Fighting
 + Level 1.2 Short Blades
 + Level 1.2 Long Blades
 + Level 1.2 Axes
 + Level 1.2 Maces & Flails
 + Level 4.7 Polearms
 + Level 1.2 Staves
 + Level 1.2 Ranged Weapons
 + Level 1.2 Throwing
 + Level 1.2 Armour
 + Level 4.7 Dodging
 + Level 9.6 Stealth
 + Level 1.2 Shields
 + Level 1.2 Unarmed Combat
 + Level 1.2 Spellcasting
 + Level 1.0 Conjurations
 + Level 1.0 Hexes
 + Level 1.0 Summonings
 + Level 1.0 Necromancy
 + Level 1.0 Translocations
 + Level 1.0 Transmutations
 + Level 1.0 Fire Magic
 + Level 1.0 Ice Magic
 + Level 1.0 Air Magic
 + Level 1.0 Earth Magic
 + Level 1.0 Poison Magic
 + Level 1.3 Invocations
 + Level 1.2 Evocations


You had 5 spell levels left.
You didn't know any spells.
Your spell library was empty.

Dungeon Overview and Level Annotations

Branches:
Dungeon (6/15)
 Temple: D:4-7

Altars:


Innate Abilities, Weirdness & Mutations

You have very sharp teeth.
Your uncanny sense of smell can sniff out nearby items.
Your experience applies equally to all skills.


Message History

Cornered, the gnoll bouda turns to fight!
You hit the gnoll bouda.
The gnoll bouda is almost dead.
The gnoll is no longer moving quickly.
The gnoll bouda hits you with a +0 club.
* * * LOW HITPOINT WARNING * * *
You sock the gnoll bouda!
You kill the gnoll bouda!
The gnoll misses you.
Your Conjurations skill increases to level 1!
Your Hexes skill increases to level 1!
Your Summonings skill increases to level 1!
Your Necromancy skill increases to level 1!
Your Translocations skill increases to level 1!
Your Transmutations skill increases to level 1!
Your Fire Magic skill increases to level 1!
Your Ice Magic skill increases to level 1!
Your Air Magic skill increases to level 1!
Your Earth Magic skill increases to level 1!
Your Poison Magic skill increases to level 1!
You have reached level 4!
You feel clever.
You thump the gnoll! Your bite misses the gnoll.
The gnoll is almost dead.
The gnoll misses you.
You sock the gnoll!
You kill the gnoll!
Items here: )) [ †.
You start resting.
A gnoll is nearby!
You see here a +0 club.
The gnoll throws a throwing net.
The throwing net closely misses you.
You see here a throwing net.
You barely miss the gnoll. The gnoll closely misses you.
You closely miss the gnoll. The gnoll hits you with a +0 whip!
* * * LOW HITPOINT WARNING * * *
You barely miss the gnoll. The gnoll hits you with a +0 whip!
* * * LOW HITPOINT WARNING * * *
The gnoll hits you with a +0 whip.
You die...

..#.# #.# ..#.# #.#
....# #.# ..### #.#
..# #.# ..# #.# ..#
####.#
.#######....########
................@g.#
......############)#
..##### #)# ..# #.#
.## #.# .. #.# ##
#.# #g# #.#


You could see a gnoll.

Vanquished Creatures
  A hound (D:5)
  A gnoll bouda (D:5)
  2 gnolls (D:5)
  2 ufetubi
  An orc (D:5)
7 creatures vanquished.

Notes
Turn   | Place    | Note
-------+----------+-------------------------------------------
     0 | D:5      | Reached skill level 9 in Stealth
     0 | D:5      | sircluck the Gnoll Delver began the quest for the Orb.
     0 | D:5      | Reached XP level 1. HP: 23/23 MP: 1/1
    39 | D:5      | Noticed a hound
    45 | D:5      | Noticed an orc wizard
    46 | D:5      | Noticed an iguana
    56 | D:5      | Killed a hound
    57 | D:5      | Reached skill level 1 in Invocations
    57 | D:5      | Reached XP level 2. HP: 23/29 MP: 1/3
    57 | D:5      | Reached XP level 3. HP: 27/35 MP: 1/4
    58 | D:5      | Noticed an ogre
   270 | D:5      | Noticed a scorpion
   288 | D:5      | Reached skill level 1 in Short Blades
   288 | D:5      | Reached skill level 1 in Long Blades
   288 | D:5      | Reached skill level 1 in Axes
   288 | D:5      | Reached skill level 1 in Maces & Flails
   288 | D:5      | Reached skill level 1 in Staves
   288 | D:5      | Reached skill level 1 in Ranged Weapons
   288 | D:5      | Reached skill level 1 in Throwing
   288 | D:5      | Reached skill level 1 in Armour
   288 | D:5      | Reached skill level 1 in Shields
   288 | D:5      | Reached skill level 1 in Unarmed Combat
   288 | D:5      | Reached skill level 1 in Spellcasting
   288 | D:5      | Reached skill level 1 in Evocations
   304 | D:5      | Reached skill level 1 in Conjurations
   304 | D:5      | Reached skill level 1 in Hexes
   304 | D:5      | Reached skill level 1 in Summonings
   304 | D:5      | Reached skill level 1 in Necromancy
   304 | D:5      | Reached skill level 1 in Translocations
   304 | D:5      | Reached skill level 1 in Transmutations
   304 | D:5      | Reached skill level 1 in Fire Magic
   304 | D:5      | Reached skill level 1 in Ice Magic
   304 | D:5      | Reached skill level 1 in Air Magic
   304 | D:5      | Reached skill level 1 in Earth Magic
   304 | D:5      | Reached skill level 1 in Poison Magic
   304 | D:5      | Reached XP level 4. HP: 10/41 MP: 5/5
   330 | D:5      | HP: 2/41 [gnoll/+0 whip[a gnoll bouda] (7)]
   330 | D:5      | Slain by a gnoll

Illustrated notes

Levels and vault maps discovered:
D:5:      layout_basic, nicolae_overflow_hallway_of_the_gods,
          minmay_shop_damaged
D:6:      layout_basic, columned_hall_lemuel, hangedman_minor_gate_pass

Skill      XL: |  1  2  3 |
---------------+----------+-----
Stealth        | |  9.6
Invocations    | 1 |  1.3
Short Blades   | 1 |  1.2
Long Blades    | 1 |  1.2
Axes           | 1 |  1.2
Maces & Flails | 1 |  1.2
Staves         | 1 |  1.2
Ranged Weapons | 1 |  1.2
Throwing       | 1 |  1.2
Armour         | 1 |  1.2
Shields        | 1 |  1.2
Unarmed Combat | 1 |  1.2
Spellcasting   | 1 |  1.2
Evocations     | 1 |  1.2
Conjurations   | 1 |  1.0
Hexes          | 1 |  1.0
Summonings     | 1 |  1.0
Necromancy     | 1 |  1.0
Translocations | 1 |  1.0
Transmutations | 1 |  1.0
Fire Magic     | 1 |  1.0
Ice Magic      | 1 |  1.0
Air Magic      | 1 |  1.0
Earth Magic    | 1 |  1.0
Poison Magic   | 1 |  1.0
Fighting       | |  6.6
Polearms       | |  4.7
Dodging        | |  4.7

Action                     |  1- 3 |  4- 6 || total
---------------------------+-------+-------++-------
  Melee: Quarterstaff      |    24 |     5 ||    29
         Spear             |     2 |       ||     2
         Bite              |     5 |       ||     5
    Use: Scroll            |     1 |       ||     1
   Stab: Fleeing           |     1 |       ||     1
         Sleeping          |     1 |       ||     1
 Armour: Leather armour    |     2 |       ||     2
  Dodge: Dodged            |    23 |     3 ||    26

Table legend: (Time is in decaauts)
 A = Elapsed time spent in this place.
 B = Non-inter-level travel time spent in this place.
 C = Inter-level travel time spent in this place.
 D = Time resting spent in this place.
 E = Time spent auto-exploring this place.
 F = Levels seen in this place.
 G = Mean time per level.
                   A        B        C        D        E       F      G
               +--------+--------+--------+--------+--------+-----+--------+
         Total |    336 |    336 |      0 |     93 |     43 |   2 |  168.0 |
       Dungeon |    336 |    336 |      0 |     93 |     43 |   2 |  168.0 |
               +--------+--------+--------+--------+--------+-----+--------+

Top non-repeatable levels by time:
     D:5: 184 daAuts
     D:6: 151 daAuts
